 Dungeon Crawl Stone Soup version 0.26.0-10-g1f06aea511 (webtiles) character file.

Game seed: 12111931432372035129

11075 Arum the Blocker (level 11, -10/73 HPs)
             Began as a Gargoyle Fighter on Jan 22, 2021.
             Was a High Priest of Fedhas.
             Mangled by a frost giant
             ... wielding a +2 battleaxe of freezing
              (35 damage)
             ... on level 11 of the Dungeon.
             The game lasted 00:15:47 (11486 turns).

Arum the Blocker (Gargoyle Fighter)                Turns: 11486, Time: 00:15:47

Health: -10/73     AC: 27    Str: 22    XL:     11   Next: 72%
Magic:  11/11      EV:  6    Int: 10    God:    Fedhas [*****.]
Gold:   597        SH: 12    Dex:  9    Spells: 10/10 levels left

rFire    . . .     SeeInvis .   O - +1 whip (distort)
rCold    . . .     Faith    .   c - +0 kite shield
rNeg     + . .     Spirit   .   x - +0 plate armour
rPois    ∞         Reflect  .   P - +2 helmet
rElec    +         Harm     .   U - scarf {repulsion}
rCorr    .         Rampage  .   (no gloves)
Will     .....                  I - +0 pair of boots
Stlth    ..........             (no amulet)
HPRegen  0.22/turn              S - -4 ring of evasion (curse)
MPRegen  0.12/turn              C - +4 ring of evasion

@: repel missiles
A: negative energy resistance 1, electricity resistance, unbreathing,
petrification resistance, miasma immunity, AC +8
a: Renounce Religion, Wall of Briars, Grow Ballistomycete, Overgrow, Grow Oklob


You were on level 11 of the Dungeon.
You worshipped Fedhas.
Fedhas was extremely pleased with you.
You visited 1 branch of the dungeon, and saw 11 of its levels.
You also visited: Ossuary.

You collected 597 gold pieces.

Inventory:

Hand Weapons
 a - a +0 flail
 w - a +0 mace of protection
 A - the +9 arbalest of Hepliaklqana's Favour {flame, Str+4, unknown}
   (You found it on level 8 of the Dungeon)

   It causes projectiles fired from it to burn those they strike, causing extra
   injury to most foes and up to half again as much damage against particularly
   susceptible opponents.
   It affects your strength (+4).
 O - a +1 whip of distortion (weapon)
Missiles
 V - 2 throwing nets (quivered)
Armour
 c - a +0 kite shield (worn)
 x - a +0 plate armour (worn)
 H - a scarf of invisibility
 I - a +0 pair of boots (worn)
 N - a +0 cloak
 P - a +2 helmet (worn)
 U - a scarf of repulsion (worn)
 Y - the +2 buckler of Anarchy {Harm Int+6, unknown}
   (You found it on level 11 of the Dungeon)

   It affects your intelligence (+6).
   It increases damage dealt and taken.
Jewellery
 C - a +4 ring of evasion (right hand)
 M - an uncursed ring of see invisible
 S - a cursed -4 ring of evasion (left hand)
Wands
 B - a wand of flame (31)
 Q - a wand of iceblast (8)
 R - a wand of polymorph (9)
Scrolls
 e - 7 scrolls of remove curse {unknown}
 f - 18 scrolls of identify {unknown}
 i - 10 scrolls of enchant weapon {unknown}
 k - 3 scrolls of random uselessness {unknown}
 l - 2 scrolls of enchant armour {unknown}
 n - a scroll of fog {unknown}
 q - 6 scrolls of immolation {unknown}
 r - 3 scrolls of magic mapping {unknown}
 s - 5 scrolls of teleportation {unknown}
 t - a scroll of blinking {unknown}
 y - 2 scrolls of noise {unknown}
 D - a scroll of summoning {unknown}
 E - 2 scrolls of silence {unknown}
 J - 3 scrolls of amnesia {unknown}
 L - 2 scrolls of fear {unknown}
 T - a scroll of acquirement {unknown}
Potions
 b - 3 potions of berserk rage {unknown}
 d - 3 potions of might
 g - a potion of mutation {unknown}
 h - 4 potions of haste
 j - 5 potions of curing
 m - 5 potions of flight {unknown}
 o - 3 potions of lignification {unknown}
 p - 2 potions of degeneration {unknown}
 u - 2 potions of heal wounds {unknown}
 v - a potion of magic {unknown}
 z - 8 potions of attraction {unknown}
 F - 4 potions of resistance {unknown}
 G - 3 potions of brilliance {unknown}
 K - 2 potions of cancellation {unknown}
 W - a potion of invisibility {unknown}
 X - a potion of ambrosia {unknown}


   Skills:
 + Level 10.5 Fighting
 + Level 9.4 Maces & Flails
 + Level 10.5 Armour
 + Level 10.5 Shields


You had 10 spell levels left.
You didn't know any spells.
Your spell library contained the following spells:

 Spells                   Type           Power        Failure   Level
 Magic Dart               Conj           0%           100%        1
 Blink                    Tloc           N/A          100%        2
 Call Imp                 Summ           0%           100%        2
 Slow                     Hex            0%           100%        2
 Conjure Flame            Conj/Fire      0%           100%        3
 Mephitic Cloud           Conj/Pois/Air  0%           100%        3


Dungeon Overview and Level Annotations

Branches:
Dungeon (11/15)            Temple (0/1) D:7            Lair (0/6) D:10
Ossuary (visited)
    Orc: D:9-12

Altars:
Fedhas
Kikubaaqudgha
Nemelex Xobeh
Beogh

Shops:
D:5 [   D:7 (

Annotations:
D:8 3 runed translucent doors, night's ghost, novice MfIE
Abyss:1 Harold


Innate Abilities, Weirdness & Mutations

You are resistant to torment.
Your stone body is resilient. (AC +8)
You are immune to poison.
You resist negative energy. (rN+)
You are resistant to electric shocks. (rElec)
You can survive without breathing.
You are immune to petrification.
You are immune to miasma.


Message History

An adder comes into view.
The centaur warrior shoots an arrow.
The arrow hits you but does no damage.
You see here an arrow.
Unknown command.
You hit the frost giant but do no damage.
Space bends around the frost giant.
The frost giant is moderately wounded.
The frost giant casts a spell at you. The bolt of cold hits you!
* * * LOW HITPOINT WARNING * * *
Unknown command.
You hit the frost giant.
The frost giant is moderately wounded.
The centaur warrior shoots an arrow.
The arrow hits you but does no damage.
Unknown command.
It was a potion of curing.
You feel better.
The centaur warrior shoots an arrow.
You block the arrow.
The frost giant hits you with a +2 battleaxe of freezing!!
You die...
Fedhas appreciates your contribution to the ecosystem.

# ############# .
##..#..#..#..##
..##.............## ##
..#...÷.#...#)....#...#
.R#..÷#########...#..^#
..#..## #.#.#.#.# .
#...# #.### ##..# #.C.#
##.# #.@.# ##.†# #.(.#
. #...# #c### ..#..##
#e# ..#...# #*..#..g#
..#..)# ....#.g.#
#####.# ....## ## #
###.# #...## . #...#
#####


You could see a frost giant, a centaur warrior, a deep elf mage and a
battlesphere.

Vanquished Creatures
  A hydra (D:11)
  A two-headed ogre (D:11)
  A deep troll (D:11)
  3 komodo dragons
  A human (shapeshifter) (D:11)
  7 yaks (D:9)
  A water moccasin (D:11)
  5 orc warriors
  A hornet zombie (D:11)
  A sky beast (D:7)
  A black bear (D:11)
  A necrophage (D:8)
  2 ice beasts
  3 phantoms
  4 ogres
  3 centaurs
  An elf zombie (D:4)
  3 big kobolds
  Blork the orc (D:5)
  2 elf skeletons (D:4)
  3 bullfrogs
  11 scorpions
  8 killer bees
  3 wights (D:11)
  3 howler monkeys
  A centaur zombie (Ossuary)
  3 human zombies
  2 bullfrog zombies
  2 jellies
  A centaur skeleton (D:9)
  5 hounds
  5 orc wizards
  A gnoll shaman (D:4)
  4 human skeletons (D:4)
  2 iguanas
  2 killer bee zombies
  8 worker ants
  3 big kobold zombies (Ossuary)
  3 hound zombies
  2 human simulacra (D:10)
  A hound skeleton (D:11)
  3 mummies (Ossuary)
  15 adders
  4 gnolls (D:4)
  A scorpion zombie (Ossuary)
  A shadow imp (D:9)
  2 white imps (D:8)
  3 ufetubi
  An ooze (D:1)
  3 adder zombies
  4 worms
  2 dart slugs
  9 leopard geckos
  16 orcs
  7 bats
  5 giant cockroaches
  2 goblins
  5 hobgoblins
  9 jackals
  3 quokkas
  3 ball pythons (D:3)
  A giant cockroach zombie (D:6)
  A gnoll zombie (Ossuary)
  A goblin zombie (Ossuary)
  A hobgoblin zombie (Ossuary)
  22 kobolds
  3 kobold zombies (Ossuary)
  2 orc skeletons (D:4)
  2 orc zombies (Ossuary)
  A quokka skeleton (D:8)
  4 rats
252 creatures vanquished.

Vanquished Creatures (collateral kills)
  2 ballistomycete spores (D:11)
2 creatures vanquished.

Vanquished Creatures (others)
  A sky beast (D:10)
  3 wights (D:9)
  A jelly (D:10)
  A fungus (D:1)
  3 plants (D:10)
9 creatures vanquished.

Grand Total: 263 creatures vanquished

Notes
Turn   | Place    | Note
-------+----------+-------------------------------------------
     0 | D:1      | Arum the Gargoyle Fighter began the quest for the Orb.
     0 | D:1      | Reached XP level 1. HP: 14/14 MP: 1/1
   333 | D:1      | Reached XP level 2. HP: 19/19 MP: 2/2
   656 | D:2      | Reached XP level 3. HP: 17/24 MP: 3/3
   740 | D:2      | Found a faded altar of an unknown god.
   761 | D:2      | Became a worshipper of Fedhas Madash
   761 | D:2      | Reached * piety under Fedhas
  1064 | D:2      | Reached XP level 4. HP: 29/29 MP: 4/4
  1332 | D:2      | Found an ancient bone altar of Kikubaaqudgha.
  1894 | D:3      | Reached ** piety under Fedhas
  2008 | D:3      | Reached XP level 5. HP: 33/33 MP: 5/5
  2168 | D:3      | Found a sparkling altar of Nemelex Xobeh.
  2241 | D:3      | Noticed a phantom
  2270 | D:3      | Killed a phantom
  2370 | D:4      | Reached XP level 6. HP: 32/39 MP: 6/6
  2803 | D:4      | Reached skill level 5 in Fighting
  2809 | D:4      | Found a sand-covered staircase.
  2837 | D:4      | Reached skill level 5 in Armour
  2837 | D:4      | Reached skill level 5 in Shields
  2837 | D:4      | Reached XP level 7. HP: 42/44 MP: 7/7
  2840 | Ossuary  | Entered an ossuary
  3240 | Ossuary  | Reached *** piety under Fedhas
  3403 | Ossuary  | Reached XP level 8. HP: 40/51 MP: 8/8
  3665 | D:4      | Reached skill level 5 in Maces & Flails
  4215 | D:5      | Entered Level 5 of the Dungeon
  4307 | D:5      | Found Vano's Antique Armour Boutique.
  4424 | D:5      | Noticed Blork the orc
  4437 | D:5      | Killed Blork the orc
  4761 | D:5      | Reached XP level 9. HP: 43/56 MP: 9/9
  5258 | D:6      | Reached **** piety under Fedhas
  5880 | D:7      | Found Motid's Weapon Shoppe.
  6490 | D:7      | Found a staircase to the Ecumenical Temple.
  6978 | D:8      | Got a steaming arbalest
  7212 | D:8      | Reached XP level 10. HP: 59/64 MP: 10/10
  7327 | D:8      | Found a runed translucent gate.
  7328 | D:8      | Noticed night's ghost (novice MfIE)
  7328 | D:8      | Found a runed translucent gate.
  7328 | D:8      | Found a runed translucent gate.
  7328 | D:8      | Identified the +11 battleaxe "Guizoun" {vorpal, Fragile
                  | +Fly Str-5 Int+5}
  7330 | D:8      | Found a roughly hewn altar of Beogh.
  7602 | D:9      | Reached ***** piety under Fedhas
  9021 | D:10     | Entered Level 10 of the Dungeon
  9381 | D:10     | Found a staircase to the Lair.
  9422 | D:10     | Noticed a gargoyle
  9427 | D:10     | Banished a gargoyle
  9554 | D:10     | Reached XP level 11. HP: 67/71 MP: 11/11
  9880 | D:10     | Noticed Harold
  9896 | D:10     | Banished Harold
 10487 | D:11     | Noticed a two-headed ogre
 10504 | D:11     | Killed a two-headed ogre
 10505 | D:11     | Reached skill level 10 in Fighting
 10505 | D:11     | Reached skill level 10 in Armour
 10505 | D:11     | Reached skill level 10 in Shields
 10678 | D:11     | Noticed a four-headed hydra
 10716 | D:11     | Killed a four-headed hydra
 11192 | D:11     | Noticed a rakshasa
 11199 | D:11     | Noticed a deep troll earth mage
 11219 | D:11     | Banished a deep troll earth mage
 11406 | D:11     | Noticed a deep troll
 11415 | D:11     | Killed a deep troll
 11418 | D:11     | Noticed an orc knight
 11463 | D:11     | Got an ancient buckler
 11466 | D:11     | Noticed a centaur warrior
 11466 | D:11     | Identified the ring of Vonagrae {rC+ Str+2 Int+3 SInv}
 11466 | D:11     | Noticed a frost giant
 11476 | D:11     | Noticed a deep elf mage
 11486 | D:11     | Mangled by a frost giant

Illustrated notes

Levels and vault maps discovered:
D:1:      onia_arrival_mini_maze, layout_basic, minmay_quantized
D:2:      layout_basic, lemuel_crystal_altar, chequers_ecumenical_altar_simple,
          kennysheep_cross_room
D:3:      layout_rooms, st_stairs_1, nemelex_spade_bored_becter
D:4:      layout_rooms, nicolae_ossuary_entry_catacombs
D:5:      layout_loops_ring, serial_shops, shop, uniq_blork_the_orc
D:6:      layout_basic
D:7:      layout_rooms, minmay_temple_entry_from_below_b, serial_shops, shop,
          serial_curves, eino_curves_04, eino_curves_04
D:8:      minmay_octagon_keep, layout_rooms, biasface_ghost_orc_armoury
D:9:      layout_long_grid, minmay_variable_closet, lemuel_flamethrower_2
D:10:     layout_basic, david_lair_shrubbed, bh_circular_ruins, uniq_harold
D:11:     minmay_tile_spiral, layout_basic

Skill      XL: |  1  2  3  4  5  6  7  8  9 10 11 |
---------------+----------------------------------+-----
Fighting       | 4 5 6 8 9 10 | 10.5
Armour         | 4 5 6 8 9 10 | 10.5
Shields        | 4 5 6 8 9 10 | 10.5
Maces & Flails | 3 4 5 7 8 9 |  9.4

Action                   |  1- 3 |  4- 6 |  7- 9 | 10-12 || total
-------------------------+-------+-------+-------+-------++-------
Melee: Flail             |    97 |    87 |       |       ||   184
       Mace              |       |   220 |   848 |   249 ||  1317
       Whip              |       |       |       |   313 ||   313
Invok: Wall of Briars    |       |       |     1 |     1 ||     2
       Grow Ballistomyce |       |       |       |     1 ||     1
Evoke: Wand              |       |       |       |     1 ||     1
  Use: Potion            |       |       |       |     1 ||     1
Armor: Scale mail        |    46 |    88 |       |       ||   134
       Plate armour      |       |   176 |   614 |   311 ||  1101
Dodge: Dodged            |    42 |    67 |   192 |   193 ||   494
Block: Kite shield       |    57 |   200 |   555 |   329 ||  1141
